 Dungeon Crawl Stone Soup version 0.30-a0-591-g3c58d2bc28 (webtiles) character file.

Game seed: 7897714451262203491

2616 drugrobin the Martial Artist (level 9, -12/70 HPs)
             Began as a Demigod Delver on Jan 6, 2023.
             Mangled by Pikel
             ... wielding a +0 whip of electrocution
              (17 damage)
             ... on level 7 of the Dungeon.
             The game lasted 00:21:56 (7274 turns).

drugrobin the Martial Artist (Demigod Delver)       Turns: 7274, Time: 00:21:56

Health: -12/70     AC: 17    Str: 17    XL:     9   Next: 12%
Magic:  15/15      EV: 15    Int: 12    God:
Gold:   517        SH:  0    Dex: 26    Spells: 10/12 levels left

rFire   . . .      SeeInvis .      - Unarmed
rCold   . . .      Faith    .    (no shield)
rNeg    . . .      Spirit   .    N - +1 ring mail of Vampiric Thralls {Will- Dex+3 Slay+5 Stlth+}
rPois   .          Reflect  .    C - +0 helmet
rElec   .          Harm     .    M - +2 cloak
rCorr   .          Rampage  .    D - +0 pair of gloves
Will    .....                    m - +1 pair of boots
Stlth   ++++                     (no amulet)
HPRegen 0.31/turn                K - ring of flight
MPRegen 0.14/turn                G - +4 ring of protection

@: flying
A: high MP 1, forlorn, divine attributes
a: no special abilities


You were on level 7 of the Dungeon.
You visited 2 branches of the dungeon, and saw 9 of its levels.
You also visited: Sewer and Ossuary.

You collected 517 gold pieces.

Inventory:

Hand Weapons
 b - a +0 sling
 c - a +0 short sword of venom
 z - a +4 dagger
 H - a +1 flail of draining
 L - a +2 quarterstaff of chaos
 P - a +0 club
Missiles
 F - 12 poisoned darts
Armour
 m - a +1 pair of boots (worn)
 y - the +1 robe "Azoel" {Rampage Regen+}
   (You found it on level 4 of the Dungeon)

   Regen:     It increases your rate of health regeneration.
   Rampage:   It bestows one free step when moving towards enemies.
 C - a +0 helmet (worn)
 D - a +0 pair of gloves (worn)
 M - a +2 cloak (worn)
 N - the +1 ring mail of Vampiric Thralls (worn) {Will- Dex+3 Slay+5 Stlth+}
   (You found it on level 7 of the Dungeon)

   Dex:       It affects your dexterity (+3).
   Slay:      It affects your accuracy & damage with ranged weapons and melee
   (+5).
   Will:      It decreases your willpower.
   Stlth:     It makes you more stealthy.
Jewellery
 u - a ring of positive energy
 w - a ring of positive energy
 G - a +4 ring of protection (right hand)
 K - a ring of flight (left hand)
Wands
 f - a wand of digging (2)
 x - a wand of iceblast (5)
Scrolls
 a - 11 scrolls of identify {unknown}
 d - 5 scrolls of blinking {unknown}
 i - 4 scrolls of poison {unknown}
 j - a scroll of summoning {unknown}
 k - 5 scrolls of teleportation {unknown}
 l - a scroll of enchant weapon {unknown}
 p - a scroll of fog
 r - a scroll of fear
 t - a scroll of enchant armour {unknown}
 B - a scroll of amnesia {unknown}
 E - a scroll of acquirement {unknown}
 O - a scroll of noise {unknown}
Potions
 e - 2 potions of haste
 g - 2 potions of brilliance {unknown}
 h - 3 potions of degeneration {unknown}
 n - 4 potions of mutation {unknown}
 o - a potion of magic {unknown}
 q - a potion of invisibility {unknown}
 s - a potion of cancellation {unknown}
 v - a potion of curing
 A - 3 potions of attraction {unknown}
 I - 2 potions of heal wounds


   Skills:
 - Level 3.2 Fighting
 + Level 5.7 Dodging
 - Level 4.5 Stealth
 * Level 9.9 Unarmed Combat
 + Level 2.4 Spellcasting


You had 10 spell levels left.
You knew the following spells:

 Your Spells              Type           Power      Damage    Failure   Level
a - Blink                 Tloc           2%         N/A       58%         2

Your spell library contained the following spells:

 Spells                   Type           Power      Damage    Failure   Level
 Apportation              Tloc           2%         N/A       43%         1
 Manifold Assault         Tloc           1%         N/A       99%         4
 Alistair's Intoxication  Tmut/Pois      0%         N/A       100%        5
 Freezing Cloud           Conj/Ice/Air   0%         6-21      100%        5
 Lee's Rapid Deconstruct  Erth           0%         3d4*      100%        5
 Simulacrum               Ice/Necr       0%         N/A       100%        6
 Statue Form              Tmut/Erth      0%         N/A       100%        6
 Storm Form               Tmut/Air       0%         N/A       100%        7
 Chain Lightning          Conj/Air       0%         2d1       100%        9
 Fire Storm               Conj/Fire      0%         6d1       100%        9
 Polar Vortex             Ice            0%         N/A       100%        9
 Shatter                  Erth           0%         3d5*      100%        9


Dungeon Overview and Level Annotations

Branches:
Dungeon (8/15)             Temple (1/1) D:4           Sewer (visited)
Ossuary (visited)
   Lair: D:8-11

Shops:
D:2 :   D:6 [

Annotations:
D:4 Blork the orc
D:5 exclusion: black bear
D:7 2 runed translucent doors, Pikel


Innate Abilities, Weirdness & Mutations

You have an increased reservoir of magic. (+10% MP)
You shall have no god before yourself.
Your divine heritage dramatically boosts your attributes as you level up.


Message History

Aim: Pikel, wielding a +0 whip of electrocution and wearing a +0 robe (lightly wounded, chance to affect: 64%) Pikel's mind is blasted!
You hear a shout!
Unknown command.
Unknown command.
You hit Pikel.
Pikel is severely wounded.
Pikel closely misses you.
You hit Pikel.
Pikel is severely wounded.
You closely miss Pikel.
Pikel is severely wounded.
Pikel hits you with a +0 whip of electrocution.
You are electrocuted!
You completely miss Pikel.
Pikel is severely wounded.
Pikel hits you with a +0 whip of electrocution.
Aiming: Mindburst
Press: ? - help, Shift-Dir - straight line, f/p - Pikel
Aim: Pikel, wielding a +0 whip of electrocution and wearing a +0 robe (severely wounded, chance to affect: 64%) Pikel struggles to resist.
Pikel hits you but does no damage.
You are electrocuted!!
* * * LOW HITPOINT WARNING * * *
Unknown command.
Unknown command.
Aiming: Mindburst
Press: ? - help, Shift-Dir - straight line, f/p - Pikel
Aim: Pikel, wielding a +0 whip of electrocution and wearing a +0 robe (severely wounded, chance to affect: 64%) Pikel's mind is blasted!
Pikel hits you but does no damage.
You are electrocuted!
* * * LOW HITPOINT WARNING * * *
Unknown command.
Unknown command.
Unknown command.
Aiming: Mindburst
Press: ? - help, Shift-Dir - straight line, f/p - Pikel
Aim: Pikel, wielding a +0 whip of electrocution and wearing a +0 robe (almost dead, chance to affect: 64%) Pikel struggles to resist.
The now-empty wand crumbles to dust.
Pikel hits you but does no damage.
You are electrocuted!
You die...

.# #.....# #.. ##....... .#
###....# #...###........
.#####....# #...#.#....#...
g....)g..## #....#....##...
....###...# ## #....#...####..
##### ##..###.# ##..#.....###...
##..#.#####.........##.##.
#...#..g..........#...##.
##....5K@.........#...##.
###.....#........#........ #
###....##......#...(.......# ####
#.........#..####........##.
................#..# #........###
.........#...#..##.###...........
..!..#####..##..##..#............
#### #.##..##..##............##.
#.....###..#...........# #.


You could see Pikel, a lemure and a gnoll.

Vanquished Creatures
  A wyvern (D:7)
  Edmund (D:5)
  A water moccasin (D:5)
  Pargi (Sewer)
  A sky beast (D:6)
  A black bear (D:5)
  2 centaurs
  3 lemures (D:6)
  A phantom (D:3)
  A kobold brigand (D:8)
  2 bullfrogs (D:7)
  A necrophage (D:5)
  A scorpion (D:4)
  A gnoll sergeant (D:7)
  A wyvern zombie (D:5)
  9 wights
  A water moccasin zombie (D:5)
  A bullfrog zombie (D:5)
  3 orc priests
  2 hounds
  Crazy Yiuf (D:5)
  A jelly (D:4)
  4 iguanas
  3 orc wizards
  A scorpion zombie (D:5)
  A hound zombie (D:5)
  A howler monkey zombie (D:5)
  Robin (D:4)
  5 gnolls
  8 adders
  A white imp (D:6)
  An ufetubus (D:4)
  3 worms
  2 dart slugs
  24 orcs
  8 endoplasms
  2 giant cockroaches
  16 goblins
  13 hobgoblins
  4 jackals (D:2)
  9 kobolds
  4 quokkas
  11 ball pythons
  8 bats
  4 frilled lizards
  5 rats
176 creatures vanquished.

Notes
Turn   | Place    | Note
-------+----------+-------------------------------------------
     0 | D:5      | drugrobin the Demigod Delver began the quest for the Orb.
     0 | D:5      | Reached XP level 1. HP: 18/18 MP: 3/3
     8 | D:5      | Found a sand-covered staircase.
    13 | Ossuary  | Entered an ossuary
    35 | D:5      | Noticed Edmund
    43 | D:5      | Noticed an iguana
    48 | D:5      | Noticed a hound
    57 | D:5      | Found a glowing drain.
    68 | Sewer    | Entered a sewer
   224 | Sewer    | Reached skill level 2 in Unarmed Combat
   316 | Sewer    | Noticed Pargi
   357 | Sewer    | Killed Pargi
   358 | Sewer    | Reached skill level 4 in Unarmed Combat
   358 | Sewer    | Reached XP level 2. HP: 25/25 MP: 4/4
   358 | Sewer    | Reached XP level 3. HP: 30/30 MP: 5/5
   358 | Sewer    | Reached XP level 4. HP: 37/37 MP: 6/6
   484 | D:4      | Noticed Blork the orc
   517 | D:4      | Found a staircase to the Ecumenical Temple.
   545 | D:4      | Noticed a water moccasin
   552 | Temple   | Entered the Ecumenical Temple
   566 | D:4      | Noticed a phantom
   573 | D:4      | Noticed Robin
   943 | D:2      | Found Jilaacib's Vocational Training.
  1220 | D:1      | Reached skill level 5 in Unarmed Combat
  1542 | D:1      | Reached XP level 5. HP: 42/42 MP: 7/7
  2595 | D:3      | Got Cena's Grimoire of Flashy Breccia
  3209 | D:4      | Identified the +1 robe "Azoel" {Rampage Regen+}
  3343 | D:3      | Reached XP level 6. HP: 48/51 MP: 8/8
  3369 | D:4      | Reached skill level 6 in Unarmed Combat
  3582 | D:4      | Killed Robin
  4247 | D:5      | Noticed a water moccasin
  4252 | D:5      | Killed a water moccasin
  4253 | D:5      | Reached XP level 7. HP: 57/57 MP: 9/9
  4370 | D:5      | Reached skill level 7 in Unarmed Combat
  4675 | D:5      | Found a runed translucent door.
  4676 | D:5      | Noticed Crazy Yiuf
  4829 | D:6      | Reached skill level 8 in Unarmed Combat
  5030 | D:6      | Reached XP level 8. HP: 48/63 MP: 10/10
  5175 | D:6      | Identified the +0 robe of Dithmenos's Wrath {Harm rPois}
  5269 | D:6      | Found Ubayttoe's Armour Shop.
  5684 | D:5      | Killed Edmund
  5807 | D:5      | Killed Crazy Yiuf
  5857 | D:7      | Found a large runed translucent door.
  5857 | D:7      | Found a large runed translucent door.
  5901 | D:7      | Noticed Pikel
  5920 | D:7      | Noticed a troll
  6043 | D:7      | Learned a level 2 spell: Blink
  6213 | D:7      | Reached skill level 5 in Dodging
  6213 | D:7      | Reached skill level 9 in Unarmed Combat
  6221 | D:7      | Reached skill level 1 in Spellcasting
  6381 | D:7      | Identified the +1 ring mail of Vampiric Thralls {Will-
                  | Dex+3 Slay+5 Stlth+}
  6901 | D:8      | Reached XP level 9. HP: 61/70 MP: 15/15
  7274 | D:7      | Mangled by Pikel

Illustrated notes

Levels and vault maps discovered:
D:1:      dpeg_arrival_water_fire, layout_basic,
          shapermc_ecumenical_altar_mp_vishouse, minivault_23
D:2:      layout_basic, basic_altar, nicolae_shop_vocational
D:3:      layout_loops_cross, minmay_randomly_rotated_circles
D:4:      layout_rooms, minmay_temple_entry_steel_oval, uniq_blork_the_orc,
          uniq_robin
D:5:      layout_loops_corners, nicolae_yredelemnul_corpse_copse,
          mainiacjoe_overflow_swirl, cheibrodos_sewer_entry_bend,
          enter_ossuary_2, uniq_edmund, uniq_crazy_yiuf_cottage
D:6:      layout_cave_pools, zin_scriptorium, amethyst_overflow_temple_binary,
          serial_shops, nicolae_lakefront_shop
D:7:      layout_layer_cave, ebering_ghost_disaster_area, uniq_pikel
D:8:      layout_basic, nicolae_shop_fire_sale [nicolae_sub_dead_trees]
Temple:   nicolae_temple_superstar

Skill      XL: |  1  2  3  4  5  6  7  8 |
---------------+-------------------------+-----
Unarmed Combat | 4 5 6 8 9 |  9.9
Fighting       | 3 |  3.2
Dodging        | 3 4 5 |  5.7
Spellcasting   | 2 |  2.4
Stealth        | |  4.5

Action                   |  1- 3 |  4- 6 |  7- 9 || total
-------------------------+-------+-------+-------++-------
Melee: Unarmed           |    41 |   328 |   327 ||   696
       Punch             |       |     9 |    19 ||    28
       Short sword       |       |     4 |    17 ||    21
 Fire: Sling             |       |    61 |    45 ||   106
Throw: Dart              |       |       |     7 ||     7
Evoke: Wand              |     4 |     3 |    12 ||    19
  Use: Scroll            |     1 |     1 |       ||     2
       Potion            |       |       |     1 ||     1
 Stab: Sleeping          |     6 |    11 |     4 ||    21
       Distracted        |       |     2 |     1 ||     3
Armor: Leather armour    |    14 |       |       ||    14
       Scale mail        |     3 |       |       ||     3
       Troll leather arm |       |    49 |       ||    49
       Robe              |       |    29 |    94 ||   123
       Ring mail         |       |       |    14 ||    14
Dodge: Dodged            |    28 |   181 |   196 ||   405

Table legend: (Time is in decaauts)
 A = Elapsed time spent in this place.
 B = Non-inter-level travel time spent in this place.
 C = Inter-level travel time spent in this place.
 D = Time resting spent in this place.
 E = Time spent auto-exploring this place.
 F = Levels seen in this place.
 G = Mean time per level.
                   A        B        C        D        E       F      G
               +--------+--------+--------+--------+--------+-----+--------+
         Total |   7185 |   6866 |    319 |    272 |   4270 |  11 |  653.2 |
       Dungeon |   6858 |   6539 |    319 |    167 |   4235 |   8 |  857.2 |
        Temple |      5 |      5 |      0 |      0 |      0 |   1 |    5.0 |
         Sewer |    316 |    316 |      0 |    105 |     34 |   1 |  316.0 |
       Ossuary |      4 |      4 |      0 |      0 |      0 |   1 |    4.0 |
               +--------+--------+--------+--------+--------+-----+--------+

Top non-repeatable levels by time:
     D:5: 1418 daAuts
     D:3: 951 daAuts
     D:6: 910 daAuts
     D:1: 859 daAuts
     D:2: 848 daAuts
     D:7: 798 daAuts
     D:4: 723 daAuts
     D:8: 349 daAuts
   Sewer: 316 daAuts
  Temple: 5 daAuts
 Ossuary: 4 daAuts
